 Dungeon Crawl Stone Soup version 0.23.2-40-g277498a (webtiles) character file.

Game seed: 11793847426680251592

669 Fang the Skirmisher (level 7, -6/66 HPs)
             Began as a Gargoyle Berserker on Sept 10, 2019.
             Was a Priest of Trog.
             Mangled by a gnoll
             ... wielding a +0 whip
              (8 damage)
             ... on level 3 of the Dungeon.
             The game lasted 00:05:03 (4960 turns).

Fang the Skirmisher (Gargoyle Berserker)            Turns: 4960, Time: 00:05:03

Health: -6/66      AC:  9    Str: 27    XL:     7   Next: 58%
Magic:  7/7        EV: 13    Int:  8    God:    Trog [***...]
Gold:   126        SH:  0    Dex:  9    Spells: 6/6 levels left

rFire    . . .     SeeInvis .   a - +0 hand axe
rCold    . . .     Gourm    .   (no shield)
rNeg     + . .     Faith    .   b - +0 animal skin
rPois    ∞         Spirit   .   (no helmet)
rElec    +         Reflect  .   k - +1 cloak
rCorr    .         Harm     .   (no gloves)
MR       .....                  (no boots)
Stlth    ..........             (no amulet)
HPRegen  0.21/turn              (no ring)
MPRegen  0.10/turn              (no ring)

@: berserking, very quick
A: negative energy resistance 1, electricity resistance, unbreathing,
petrification resistance, rot immunity, AC +4
a: Berserk, Trog's Hand, Renounce Religion


You were on level 3 of the Dungeon.
You worshipped Trog.
Trog was most pleased with you.
You were very hungry.

You visited 1 branch of the dungeon, and saw 3 of its levels.

You collected 126 gold pieces.

Inventory:

Hand Weapons
 a - a +0 hand axe (weapon)
Armour
 b - a +0 animal skin (worn)
 k - a +1 cloak (worn)
Jewellery
 e - a +5 ring of intelligence {unknown}
 l - an uncursed ring of positive energy
Scrolls
 f - 3 scrolls of remove curse {unknown}
 g - a scroll of enchant armour {unknown}
 h - 2 scrolls of identify {unknown}
Potions
 d - a potion of lignification {unknown}
 i - a potion of heal wounds {unknown}
Comestibles
 c - 2 rations


   Skills:
 + Level 5.4 Fighting
 + Level 4.5 Axes
 + Level 4.8 Armour
 + Level 3.6 Dodging


You had 6 spell levels left.
You didn't know any spells.
Your spell library was empty.

Dungeon Overview and Level Annotations

Branches:
Dungeon (3/15)

Altars:
Ashenzari
Cheibriados
Makhleb


Innate Abilities, Weirdness & Mutations

You are resistant to torment.
Your stone body is resilient. (AC +4)
You are immune to poison.
You resist negative energy. (rN+)
You are resistant to electric shocks. (rElec)
You can survive without breathing.
You are immune to petrification.
You are immune to rotting.


Message History

You hit the gnoll.
The gnoll is moderately wounded.
You barely miss the gnoll.
The gnoll zaps a wand.
The puff of flame hits you!
* * * LOW HITPOINT WARNING * * *
The gnoll barely misses you.
A red film seems to cover your vision as you go berserk!
You feel yourself moving faster!
You feel mighty!
You are feeling very hungry.
The gnoll barely misses you. The gnoll closely misses you.
You hit the gnoll.
The gnoll is moderately wounded.
You closely miss the gnoll. The gnoll barely misses you.
You slice the gnoll!!
You kill the gnoll!
Trog accepts your kill.
You closely miss the gnoll. You hit the gnoll.
The gnoll is moderately wounded.
The gnoll hits you with a +0 whip!
You die...

#..≈≈##.###.###.##≈≈.#
#..≈≈#.........).#≈≈.#
#..≈≈###)##'##.###≈≈.#
#..≈≈..#)#$.$#.#..≈≈.#
#..≈≈.##)#...#.##.≈≈.#
#..≈≈.#(.#":$#..#.≈≈.#
#..≈≈.##.#####.##.≈≈.#
#..≈≈..#.#8⌠8#.#.....#
#..≈≈.©#.).@)'.#©....#######
#..≈≈..#.#g..#.#............
#..≈≈.##.##.##.##.≈≈.#######
#..≈≈.#..#...#.©#.≈≈..######
#..≈≈.##.#⌠.⌠#.##.≈≈........
#..≈≈..#.#...#5#..≈≈..######
#..≈≈###.##'##.###≈≈..#
#..≈≈#...........#≈≈..# ###
#..≈≈##.###.###.##≈≈..# #).


You could see a gnoll.

Vanquished Creatures
  Grinder (D:3)
  The ghost of Ortos the Caller, an amateur MfSu (D:3)
  2 orc wizards (D:3)
  Crazy Yiuf (D:3)
  Ijyb (D:3)
  Terence (D:3)
  11 gnolls
  6 adders
  3 oozes
  4 worms
  3 dart slugs
  2 leopard geckos
  4 orcs (D:3)
  4 giant cockroaches
  4 hobgoblins
  11 jackals (D:2)
  A quokka (D:2)
  A ball python (D:3)
  8 bats
  6 frilled lizards
  9 goblins
  10 kobolds
  12 rats
106 creatures vanquished.

Vanquished Creatures (others)
  6 plants (D:3)
6 creatures vanquished.

Grand Total: 112 creatures vanquished

Notes
Turn   | Place    | Note
-------+----------+-------------------------------------------
     0 | D:1      | Fang the Gargoyle Berserker began the quest for the Orb.
     0 | D:1      | Reached XP level 1. HP: 14/14 MP: 1/1
   214 | D:1      | Reached XP level 2. HP: 11/19 MP: 2/2
   519 | D:1      | Reached XP level 3. HP: 23/23 MP: 3/3
  1139 | D:2      | Reached ** piety under Trog
  1337 | D:2      | Reached XP level 4. HP: 29/29 MP: 4/4
  1772 | D:2      | Reached skill level 4 in Fighting
  2236 | D:3      | Found a shattered altar of Ashenzari.
  2236 | D:3      | Noticed Ijyb
  2250 | D:3      | Found a burning altar of Makhleb.
  2250 | D:3      | Found a snail-covered altar of Cheibriados.
  2269 | D:3      | Killed Ijyb
  2269 | D:3      | Reached XP level 5. HP: 33/33 MP: 5/5
  2629 | D:3      | Noticed Grinder
  2641 | D:3      | Killed Grinder
  2641 | D:3      | Reached *** piety under Trog
  2641 | D:3      | Reached XP level 6. HP: 40/40 MP: 6/6
  2816 | D:3      | Found a runed translucent door.
  2817 | D:3      | Noticed Crazy Yiuf
  2918 | D:3      | Reached skill level 5 in Fighting
  2930 | D:3      | Reached XP level 7. HP: 31/44 MP: 7/7
  3268 | D:3      | Found a transporter.
  3269 | D:3      | Found a transporter.
  3279 | D:3      | Noticed Ortos's ghost (amateur MfSu)
  3361 | D:3      | Noticed Terence
  3377 | D:3      | Killed Terence
  3644 | D:3      | Killed Crazy Yiuf
  4706 | D:3      | Killed Ortos's ghost
  4956 | D:3      | HP: 1/44 [gnoll/wand of flame (7) (9)]
  4960 | D:3      | Mangled by a gnoll

Skill      XL: |  1  2  3  4  5  6 |
---------------+-------------------+-----
Axes           | 3 4 |  4.5
Dodging        | 2 3 |  3.6
Armour         | 3 4 |  4.8
Fighting       | 4 5 |  5.4

Action                   |  1- 3 |  4- 6 |  7- 9 || total
-------------------------+-------+-------+-------++-------
Melee: Hand axe          |   117 |   206 |   137 ||   460
Invok: Berserk           |     1 |     2 |     4 ||     7
       Trog's Hand       |       |       |     2 ||     2
 Stab: Sleeping          |     2 |       |       ||     2
  Eat: Chunk             |     2 |     8 |     3 ||    13
       Ration            |       |       |     2 ||     2
Armor: Animal skin       |    50 |    78 |    84 ||   212
Dodge: Dodged            |   103 |   150 |   129 ||   382
